 Dungeon Crawl Stone Soup version 0.19-a0-944-gb338e1e (webtiles) character file.

4586 Implojin the Grappler (level 10, -3/104 HPs)
             Began as a Troll Fighter on July 10, 2016.
             Was a Believer of Okawaru.
             Slain by Findleman's ghost (12 damage)
             ... on level 11 of the Dungeon.
             The game lasted 00:15:39 (2432 turns).

Implojin the Grappler (Troll Fighter)               Turns: 2432, Time: 00:15:40

Health: -3/104     AC:  5    Str: 31    XL:     10   Next: 18%
Magic:  4/9        EV: 11    Int:  4    God:    Okawaru [**....]
Gold:   82         SH: 12    Dex: 12    Spells: 0 memorised, 9 levels left

rFire  . . .     SeeInvis .       - Unarmed
rCold  . . .     Gourm    +     a - +0 robe
rNeg   . . .     Faith    .     b - +1 shield
rPois  .         Spirit   .     (helmet restricted)
rElec  .         Dismiss  .     (no cloak)
rCorr  .         Reflect  .     (gloves unavailable)
SustAt .         Harm     .     (boots unavailable)
MR     .....                    J - amulet of regeneration
Stlth  ++........               (no ring)
                                (no ring)

@: mighty, heroism, heavily drained, not resistant to hostile enchantments,
unstealthy
A: unfitting armour, claws 3, fast metabolism 3, gourmand, regeneration 2,
shaggy fur 1, tough skin 2
a: Heroism, Renounce Religion


You were on level 11 of the Dungeon.
You worshipped Okawaru.
Okawaru was pleased with you.
You were not hungry.

You visited 2 branches of the dungeon, and saw 12 of its levels.

You collected 82 gold pieces.

Inventory:

Hand Weapons
 n - a +0 long sword
 t - a +0 flail
 z - a +2 hand axe of flaming
Missiles
 c - 9 tomahawks (quivered)
 r - 2 javelins
 u - a throwing net
Armour
 a - a +0 robe (worn)
 b - a +1 shield (worn)
Jewellery
 p - an uncursed amulet of rage
 D - an uncursed ring of protection from cold {unknown}
 J - an amulet of regeneration (around neck)
Wands
 j - a wand of confusion (13/48)
 q - a wand of slowing (28/48)
 v - a wand of confusion (24/48)
 w - a wand of lightning (12/15)
 y - a wand of acid (4/15)
 A - a wand of slowing (18/48)
 B - a wand of disintegration (20/24)
Scrolls
 I - a scroll of random uselessness {unknown}
 K - a scroll of noise {unknown}
Potions
 e - a potion of cancellation {unknown}
 f - a potion of lignification
 g - a potion of heal wounds
 l - a potion of resistance
 m - a potion of flight
 s - 2 potions of degeneration
 x - a potion of invisibility
 F - a potion of ambrosia
Books
 E - a book of Geomancy

   Spells                             Type                      Level
   a - Sandblast                      Earth                        1
   b - Passwall                       Transmutation/Earth          2
   c - Stone Arrow                    Conjuration/Earth            3
   d - Petrify                        Transmutation/Earth          4
   e - Lee's Rapid Deconstruction     Earth                        5
Comestibles
 d - 6 bread rations
 o - 2 meat rations
 C - a slice of pizza
 G - a royal jelly
 H - a beef jerky


   Skills:
 * Level 7.6(11.1) Fighting
 - Level 2.4(6.0) Dodging
 - Level 2.4(6.0) Shields
 - Level 12.1(15.4) Unarmed Combat


You had 9 spell levels left.
You didn't know any spells.

Dungeon Overview and Level Annotations

Branches:
Dungeon (11/15)            Temple (1/1) D:5            Lair (0/6) D:11
    Orc: D:9-12

Altars:
Ashenzari
Cheibriados
Dithmenos
Fedhas
Gozag
Hepliaklqana
Nemelex Xobeh
Okawaru
Pakellas
Qazlal
Ru
Sif Muna
Vehumet
Xom
Zin
The Shining One

Annotations:
D:11 Findleman's ghost, journeyman DrFi


Innate Abilities, Weirdness & Mutations

You are too large for most types of armour.
You have claws for hands.
Your metabolism is lightning-fast.
You like to eat raw meat.
You heal very quickly.
You are covered in fur. (AC +1)
You have very tough skin. (AC +2)


Message History

You feel very mighty all of a sudden. Findleman's ghost hits you!
Unknown command.
You closely miss Findleman's ghost. Findleman's ghost hits you!
* * * LOW HITPOINT WARNING * * *
Unknown command.
Unknown command.
You miss Findleman's ghost.
Unknown command.
You barely miss Findleman's ghost. Findleman's ghost hits you!
* * * LOW HITPOINT WARNING * * *
Unknown command.
Unknown command.
Unknown command.
Unknown command.
Unknown command.
You closely miss Findleman's ghost. Findleman's ghost closely misses you.
Unknown command.
Unknown command.
Unknown command.
Unknown command.
You mangle Findleman's ghost!!
Findleman's ghost is moderately damaged.
Findleman's ghost breathes negative energy at you.
The bolt of negative energy hits you!
You feel drained.
* * * LOW HITPOINT WARNING * * *
Unknown command.
You miss Findleman's ghost.
Findleman's ghost is moderately damaged.
You barely miss Findleman's ghost.
Findleman's ghost is moderately damaged.
Findleman's ghost barely misses you.
You mangle Findleman's ghost!!
Findleman's ghost is heavily damaged.
You block Findleman's ghost's attack.
Unknown command.
You scratch Findleman's ghost.
Findleman's ghost is heavily damaged.
Findleman's ghost hits you!
You die...

..#..# ###.##.###
###[.####...##.#
.....#....####.# .....#†####
#.# ##### ^......# #.#
##.>...## ..<.#.## ### #.#
##.......# ....#.####...#.#
#........!
.#.h...§.....#)####.........
.....≈≈≈≈.....))@.#.........
.....≈§§≈≈..##.##W#.........
....§§≈.≈≈..##.##...........
....§≈§>≈≈..##.###...)......
#...≈≈≈..§≈..#.# ##)........
#.#..≈≈§≈.≈.........>.......
.#...≈ ........(.......
...........)?...
.........!.)...#


You could see Findleman's ghost.

Vanquished Creatures
  3 ugly things (D:11)
  A centaur skeleton (D:11)
  A wyvern (D:11)
  A wraith (D:11)
  A hungry ghost (D:11)
  A hell hound (D:11)
  A sky beast (D:7)
  An eye of draining (D:7)
  3 ice beasts
  2 orc warriors
  2 ogres
  A phantom (D:7)
  2 centaurs
  2 giant frogs
  A wyvern zombie (D:11)
  3 scorpions
  3 killer bees (D:7)
  2 howler monkeys (D:8)
  A crimson imp (D:7)
  A giant frog zombie (D:11)
  A centaur zombie (D:5)
  3 hounds
  2 giant frog skeletons
  4 orc priests
  A gnoll shaman (D:7)
  3 jellies
  6 orc wizards
  5 worker ants
  A hound skeleton (D:6)
  4 gnolls (D:7)
  8 adders
  3 shadow imps
  An adder skeleton (D:7)
  3 giant geckos
  29 orcs
  2 ball pythons
  2 giant cockroaches
  11 jackals
  A kobold (D:3)
  4 quokkas
  4 giant newts
  2 goblins
  3 rats
136 creatures vanquished.

Notes
Turn   | Place    | Note
-------+----------+-------------------------------------------
     0 | D:1      | Implojin the Troll Fighter began the quest for the Orb.
     0 | D:1      | Reached XP level 1. HP: 22/22 MP: 0/0
     6 | D:1      | Noticed a black mamba
     6 | D:1      | Noticed a hog
     6 | D:1      | Noticed a swamp drake
     6 | D:1      | Noticed a black bear
   197 | D:2      | Reached XP level 2. HP: 18/29 MP: 1/1
   202 | D:2      | Reached skill level 3 in Unarmed Combat
   216 | D:2      | Reached XP level 3. HP: 18/36 MP: 2/2
   484 | D:3      | Found a hazy altar of Hepliaklqana.
   487 | D:3      | Found a stormy altar of Qazlal.
   538 | D:4      | Reached skill level 4 in Unarmed Combat
   644 | D:4      | You fall through a shaft!
   644 | D:5      | Entered Level 5 of the Dungeon
   644 | D:5      | Noticed a scorpion
   663 | D:5      | Killed a scorpion
   663 | D:5      | Reached XP level 4. HP: 33/44 MP: 3/3
   680 | D:5      | Noticed a centaur
   688 | D:5      | Killed a centaur
   688 | D:5      | Reached skill level 5 in Unarmed Combat
   688 | D:5      | Reached XP level 5. HP: 11/50 MP: 4/4
   718 | D:5      | Reached skill level 6 in Unarmed Combat
   767 | D:6      | Reached XP level 6. HP: 32/59 MP: 5/5
   865 | D:7      | Reached skill level 7 in Unarmed Combat
   897 | D:7      | Noticed an orc warrior
   909 | D:7      | Killed an orc warrior
   909 | D:7      | Reached XP level 7. HP: 40/66 MP: 6/6
   989 | D:7      | Found a sacrificial altar of Ru.
  1032 | D:7      | Reached skill level 8 in Unarmed Combat
  1174 | D:7      | Reached skill level 9 in Unarmed Combat
  1197 | D:7      | Reached XP level 8. HP: 51/74 MP: 7/7
  1251 | D:7      | Reached skill level 10 in Unarmed Combat
  1478 | D:5      | Reached skill level 11 in Unarmed Combat
  1739 | D:4      | Found a shadowy altar of Dithmenos.
  1916 | D:5      | Found a staircase to the Ecumenical Temple.
  1923 | Temple   | Entered the Ecumenical Temple
  1930 | Temple   | Became a worshipper of Warmaster Okawaru
  2158 | D:8      | Reached XP level 9. HP: 77/80 MP: 8/8
  2181 | D:10     | Entered Level 10 of the Dungeon
  2208 | D:11     | Reached skill level 12 in Unarmed Combat
  2231 | D:11     | Noticed a brown ugly thing
  2232 | D:11     | Noticed a green ugly thing
  2232 | D:11     | Found a staircase to the Lair.
  2246 | D:11     | Killed a brown ugly thing
  2246 | D:11     | Reached * piety under Okawaru
  2246 | D:11     | Reached skill level 4 in Fighting
  2277 | D:11     | Noticed a red ugly thing
  2278 | D:11     | Noticed a purple ugly thing
  2280 | D:11     | Noticed a purple ugly thing
  2297 | D:11     | Reached skill level 5 in Fighting
  2311 | D:11     | Killed a purple ugly thing
  2311 | D:11     | Reached skill level 6 in Fighting
  2340 | D:11     | Noticed a purple ugly thing
  2364 | D:11     | Killed a purple ugly thing
  2364 | D:11     | Reached ** piety under Okawaru
  2364 | D:11     | Reached skill level 7 in Fighting
  2364 | D:11     | Reached XP level 10. HP: 52/102 MP: 6/9
  2391 | D:11     | Noticed Findleman's ghost (journeyman DrFi)
  2432 | D:11     | Slain by Findleman's ghost

Vault maps used:
D:1:      onia_arrival_zoo_common, serial_forest, infiniplex_forest_diagonal,
          infiniplex_forest_clump_medium, infiniplex_forest_lined_room_2,
          infiniplex_forest_clump_long, infiniplex_forest_end_2,
          infiniplex_forest_fountain, infiniplex_forest_clump_diagonal,
          infiniplex_forest_clump_tiny, hex_tiny
D:2:      lemuel_doored_altar, first_bread
D:3:      bloody_trog, minitemple, corner_web_ring
D:4:      grunt_dithmenos_smoke_and_mirrors, portal_sewer_entry_e
D:6:      lemuel_coloured_pillars_altar, lemuel_zombie_altar_kikubaaqudgha,
          lightli_temple_of_fire, kennysheep_generic_room_4
D:7:      wad_guarded_room, lemuel_crystal_altar, grunt_ogre_cave
D:8:      yredelemnul_altar_generic, uniq_erolcha
D:9:      uniq_maurice, uniq_psyche
D:10:     uniq_josephine, uniq_joseph
D:11:     cheibrodos_breeding_chamber, minmay_lair_entry_lava
Temple:   nicolae_temple_no_exploring_needed

Skill      XL: |  1  2  3  4  5  6  7  8  9 |
---------------+----------------------------+-----
Unarmed Combat | 3 4 5 6 7 9 11 12 | 12.1
Fighting       | 7 |  7.6
Dodging        | |  2.4
Shields        | |  2.4

Action                   |  1- 3 |  4- 6 |  7- 9 | 10-12 || total
-------------------------+-------+-------+-------+-------++-------
Melee: Unarmed           |    54 |    50 |   264 |    38 ||   406
Invok: Heroism           |       |       |     5 |     4 ||     9
  Use: Potion            |       |     2 |     3 |     1 ||     6
       Scroll            |       |       |    17 |       ||    17
 Stab: Sleeping          |     1 |       |       |       ||     1
  Eat: Chunk             |     7 |     6 |    10 |       ||    23
Armor: Robe              |    39 |     7 |    76 |     2 ||   124
Dodge: Dodged            |    27 |     9 |    83 |     7 ||   126
Block: Shield            |    40 |    18 |   139 |    11 ||   208

Table legend:
 A = Turns spent in this place as a percentage of turns spent in the entire game.
 B = Non-inter-level travel turns spent in this place as a percentage of non-inter-level travel turns spent in the entire game.
 C = Inter-level travel turns spent in this place as a percentage of turns spent in this place.
 D = Turns resting spent in this place as a percentage of non-inter-level travel turns spent in this place.
 E = Turns spent auto-exploring this place as a percentage of non-inter-level travel turns spent in this place.
 F = Non-inter-level travel turns spent in this place divided by the number of levels of this place that you've seen.
                   A       B       C       D       E      F
               +-------+-------+-------+-------+-------+----------------------
         Total | 100.0 | 100.0 |   0.0 |   0.0 |   0.0 | 205.0
       Dungeon |  99.2 |  99.2 |   0.0 |   0.0 |   0.0 | 221.8
        Temple |   0.8 |   0.8 |   0.0 |   0.0 |   0.0 |  20.0
               +-------+-------+-------+-------+-------+----------------------

Table legend:
 A = Kills in this place as a percentage of kills in entire the game.
 B = Kills by you in this place as a percentage of kills by you in the entire game.
 C = Kills by friends in this place as a percentage of kills by friends in the entire game.
 D = Other kills in this place as a percentage of other kills in the entire game.
 E = Experience gained in this place as a percentage of experience gained in the entire game.
 F = Experience gained in this place divided by the number of levels of this place that you have seen.
                   A       B       C       D       E      F
               +-------+-------+-------+-------+-------+----------------------
         Total | 100.0 | 100.0 |  -nan |  -nan | 100.0 | 546.0
       Dungeon |  99.3 |  99.3 |  -nan |  -nan | 100.0 | 595.4
        Temple |   0.7 |   0.7 |  -nan |  -nan |   0.0 |   3.0
               +-------+-------+-------+-------+-------+----------------------
